 Dungeon Crawl Stone Soup version 0.25-a0-178-gc9f82b1288 (webtiles) character file.

Game seed: 9092106751345288223, levelgen mode: deterministic

5985 night the Martial Artist (level 10, -8/90 HPs)
             Began as a Black Draconian Transmuter on Nov 26, 2019.
             Was a Priest of Sif Muna.
             Mangled by an orc knight
             ... wielding a +0 long sword
              (30 damage)
             ... on level 10 of the Dungeon.
             The game lasted 00:38:09 (13184 turns).

night the Martial Artist (DrTm)                    Turns: 13184, Time: 00:38:10

Health: -8/90      AC:  9    Str: 13    XL:     10   Next: 55%
Magic:  13/13      EV:  6    Int: 15    God:    Sif Muna [***...]
Gold:   410        SH:  0    Dex: 19    Spells: 11/13 levels left

rFire    . . .     SeeInvis .     - Unarmed
rCold    . . .     Gourm    .   y - +0 shield (curse)
rNeg     + . .     Faith    .   (armour unavailable)
rPois    .         Spirit   .   (helmet restricted)
rElec    +         Reflect  .   (no cloak)
rCorr    .         Harm     .   A - +1 pair of gloves
MR       .....                  (no boots)
Stlth    ++........             (no amulet)
HPRegen  0.25/turn              F - +6 ring of dexterity
MPRegen  0.13/turn              q - ring of positive energy

@: short of breath, held
A: breathe lightning, unfitting armour, electricity resistance, cold-blooded, AC
+7
a: Breathe Lightning, Channel Magic, Forget Spell, Renounce Religion


You were on level 10 of the Dungeon.
You worshipped Sif Muna.
Sif Muna was most pleased with you.
You were not hungry.

You visited 2 branches of the dungeon, and saw 11 of its levels.
You also visited: Ossuary.

You collected 514 gold pieces.
You spent 104 gold pieces at shops.

Inventory:

Missiles
 a - 178 arrows
 b - 96 bolts
 f - 58 poisoned darts (quivered)
 g - 264 stones
 i - 107 sling bullets
 r - 5 boomerangs
 B - 8 silver javelins
Armour
 y - a cursed +0 shield (worn)
 A - a +1 pair of gloves (worn)
Jewellery
 q - a ring of positive energy (right hand)
 C - an uncursed ring of stealth
 E - an uncursed ring of ice
 F - a +6 ring of dexterity (left hand)
 J - an uncursed ring of resist corrosion
 M - an uncursed ring of protection from magic
Wands
 d - a wand of iceblast (12)
 o - a wand of disintegration (13)
 p - a wand of clouds (3)
 I - a wand of random effects (13)
 O - a wand of paralysis (8)
Scrolls
 e - 3 scrolls of blinking
 j - 7 scrolls of teleportation
 k - a scroll of fog
 l - 2 scrolls of silence
 t - a scroll of amnesia
 v - 7 scrolls of remove curse
 w - 4 scrolls of identify
 z - a scroll of enchant weapon
 H - a scroll of vulnerability {unknown}
 K - a scroll of noise {unknown}
 L - 3 scrolls of immolation {unknown}
Potions
 h - 3 potions of degeneration
 m - 4 potions of lignification
 n - 4 potions of might
 s - 5 potions of curing
 u - 2 potions of invisibility
 x - 3 potions of heal wounds
 D - a potion of brilliance
 G - a potion of cancellation
Comestibles
 c - 9 rations
 N - 5 chunks of flesh


   Skills:
 + Level 8.4 Fighting
 - Level 1.7 Dodging
 + Level 7.4 Shields
 + Level 11.9 Unarmed Combat
 - Level 2.1 Spellcasting
 - Level 2.3 Transmutations


You had 11 spell levels left.
You knew the following spells:

 Your Spells              Type           Power        Failure   Level  Hunger
b - Sticks to Snakes      Tmut           #.......     32%         2    ###....

Your spell library contained the following spells:

 Spells                   Type           Power        Failure   Level  Hunger
 Beastly Appendage        Tmut           #.....       22%         1    #......
 Summon Small Mammal      Summ           #...         50%         1    #......
 Call Imp                 Summ           #.......     65%         2    ###....
 Spider Form              Tmut/Pois      #.........   71%         3    ###....
 Call Canine Familiar     Summ           #.......     86%         3    ###....
 Summon Guardian Golem    Hex/Summ       #.......     86%         3    ###....
 Ice Form                 Ice/Tmut       #.......     98%         4    #####..
 Summon Ice Beast         Ice/Summ       #.......     99%         4    #####..
 Summon Lightning Spire   Summ/Air       #.......     99%         4    #####..
 Blade Hands              Tmut           #.........   99%         5    ######.


Dungeon Overview and Level Annotations

Branches:
Dungeon (10/15)            Temple (1/1) D:6             Orc (0/2) D:10
Ossuary (visited)
   Lair: D:8-11

Altars:
Ashenzari
Cheibriados
Dithmenos
Elyvilon
Fedhas
Gozag
Hepliaklqana
Kikubaaqudgha
Makhleb
Nemelex Xobeh
Okawaru
Qazlal
Ru
Sif Muna
Trog
Uskayaw
Vehumet
Wu Jian
Xom
Yredelemnul
Zin
The Shining One

Shops:
D:5 ?

Annotations:
D:8 exclusion: ice statue
D:10 Harold


Innate Abilities, Weirdness & Mutations

You can breathe wild blasts of lightning.
Your glossy black scales are hard. (AC +7)
You cannot fit into any form of body armour.
You are resistant to electric shocks. (rElec)
You are cold-blooded and may be slowed by cold attacks.


Message History

The deep elf knight flickers and vanishes!
Deactivating autopickup; reactivate with Ctrl-A.
The orc knight roars a battlecry!
Harold throws a throwing net.
The throwing net hits you.
You become entangled in the net!
You hear a shout!
You struggle against the net.
The wizard hits you but does no damage.
You hear some strange, mumbled words.
A shard of ice appears from out of thin air!
The shard of ice hits you!!
The orc knight hits you with a +0 long sword!
* * * LOW HITPOINT WARNING * * *
You hear a shout!
You struggle against the net.
You hear a shout!
A goblin skeleton comes into view.
The wizard hits you with a +0 long sword.
* * * LOW HITPOINT WARNING * * *
The orc knight hits you with a +0 long sword!!
You die...

......Z# #.
#......#(#
#....h.###
#........ #.......
###...@o.
......o.#
......p@#
#######.# #.######
#......#
#......#.........
#......#.........
#......#.......#
####...####......#
#....8....#......#


You could see Harold, 2 orc knights, a wizard, a black bear, a +6 triple sword
and a goblin skeleton.

Vanquished Creatures
  Fannar (D:10)
  A two-headed ogre (D:8)
  2 trolls
  A hippogriff (D:9)
  A spriggan (D:7)
  A wyvern (D:10)
  A hungry ghost (D:10)
  A steam dragon (D:8)
  Edmund (D:5)
  A two-headed ogre zombie (D:10)
  An orc warrior (D:9)
  4 phantoms
  A sky beast (D:5)
  An ice beast (D:6)
  An eye of draining (D:8)
  A black bear (D:7)
  3 centaurs
  An ogre (D:8)
  A big kobold (D:9)
  A bullfrog (D:6)
  2 scorpions
  10 wights
  4 howler monkeys
  6 crimson imps
  A bullfrog zombie (D:5)
  A centaur zombie (D:7)
  2 quasits
  3 hounds
  2 human zombies (Ossuary)
  3 jellies
  A bullfrog skeleton (D:5)
  2 orc priests
  An iguana (D:10)
  2 centaur skeletons
  2 orc wizards
  5 worker ants
  A big kobold zombie (Ossuary)
  7 ogre zombies (D:10)
  3 mummies (Ossuary)
  15 adders
  A shadow imp (D:9)
  An adder zombie (Ossuary)
  3 worms
  2 leopard geckos
  23 orcs
  3 ball pythons
  6 giant cockroaches
  A gnoll zombie (Ossuary)
  8 goblins
  7 hobgoblins
  9 jackals
  7 kobolds
  5 quokkas
  6 bats
  A frilled lizard (D:2)
  A goblin skeleton (D:10)
  9 goblin zombies
  A hobgoblin skeleton (D:10)
  2 hobgoblin zombies (D:10)
  3 kobold zombies (Ossuary)
  An orc skeleton (D:10)
  14 orc zombies (D:10)
  A quokka zombie (Ossuary)
  8 rats
  3 rat zombies (Ossuary)
225 creatures vanquished.

Vanquished Creatures (others)
  A necrophage (D:8)
1 creature vanquished.

Grand Total: 226 creatures vanquished

Notes
Turn   | Place    | Note
-------+----------+-------------------------------------------
     0 | D:1      | night the Draconian Transmuter began the quest for the Orb.
     0 | D:1      | Reached XP level 1. HP: 16/16 MP: 3/3
   247 | D:1      | Reached XP level 2. HP: 17/23 MP: 5/5
   341 | D:1      | Learned a level 2 spell: Sticks to Snakes
  1339 | D:2      | Reached XP level 3. HP: 26/28 MP: 6/6
  1591 | D:2      | Reached skill level 4 in Unarmed Combat
  2151 | D:3      | Reached XP level 4. HP: 22/35 MP: 7/7
  2390 | D:4      | Reached skill level 5 in Unarmed Combat
  3084 | D:3      | Reached XP level 5. HP: 40/40 MP: 8/8
  3669 | D:3      | Reached skill level 6 in Unarmed Combat
  4248 | D:4      | Found an ornate altar of the Wu Jian Council.
  4248 | D:4      | Found a hazy altar of Hepliaklqana.
  4254 | D:4      | Found a faded altar of an unknown god.
  4257 | D:4      | Found a shattered altar of Ashenzari.
  4259 | D:4      | Found an iron altar of Okawaru.
  4295 | D:5      | Entered Level 5 of the Dungeon
  4319 | D:5      | Noticed a phantom
  4362 | D:5      | Reached XP level 6. HP: 36/47 MP: 9/9
  4733 | D:5      | Found Oreroatz's Magic Scroll Boutique.
  4772 | D:5      | HP: 1/47 [disintegration (11)]
  4796 | D:5      | Bought a scroll of fog for 22 gold pieces
  4796 | D:5      | Bought a scroll of silence for 82 gold pieces
  5202 | D:5      | Noticed Edmund
  5213 | D:5      | Noticed a sky beast
  5225 | D:5      | Killed Edmund
  5225 | D:5      | Reached skill level 7 in Unarmed Combat
  5243 | D:5      | Killed a sky beast
  5243 | D:5      | Reached skill level 8 in Unarmed Combat
  5243 | D:5      | Your scales start taking on a glossy black colour.
  5243 | D:5      | Reached XP level 7. HP: 32/52 MP: 10/10
  5243 | D:5      | Gained mutation: You are resistant to electric shocks.
                  | (rElec) [Black Draconian growth]
  5893 | D:5      | Reached skill level 9 in Unarmed Combat
  6241 | D:5      | Reached XP level 8. HP: 57/59 MP: 11/11
  7000 | D:6      | Reached skill level 1 in Shields
  7115 | D:6      | Found a staircase to the Ecumenical Temple.
  7120 | Temple   | Entered the Ecumenical Temple
  7274 | Temple   | Became a worshipper of Sif Muna the Loreminder
  7598 | D:6      | Reached skill level 10 in Unarmed Combat
  8396 | D:7      | Reached XP level 9. HP: 69/72 MP: 12/12
  8441 | D:7      | Found a sand-covered staircase.
  8446 | Ossuary  | Entered an ossuary
  8455 | Ossuary  | Reached * piety under Sif Muna
  8855 | D:7      | Got a wavering tin ring
  9218 | D:8      | Reached skill level 5 in Fighting
  9528 | D:8      | Reached ** piety under Sif Muna
  9937 | D:8      | Reached skill level 5 in Shields
 10043 | D:8      | Noticed a two-headed ogre
 10090 | D:8      | Killed a two-headed ogre
 10090 | D:8      | Reached skill level 11 in Unarmed Combat
 10376 | D:8      | Noticed an ice statue
 10898 | D:9      | Identified the ring "Enguow" {*Corrode rElec MR- Str+3
                  | Stlth+} (You found it on level 7 of the Dungeon)
 10906 | D:9      | Noticed a troll
 10922 | D:9      | Killed a troll
 11277 | D:9      | Reached XP level 10. HP: 86/86 MP: 13/13
 12187 | D:10     | Entered Level 10 of the Dungeon
 12190 | D:10     | Noticed Fannar
 12205 | D:10     | Killed Fannar
 12616 | D:10     | Reached *** piety under Sif Muna
 12645 | D:10     | Found a staircase to the Orcish Mines.
 13173 | D:10     | Noticed a wizard
 13175 | D:10     | Noticed an orc knight
 13177 | D:10     | Noticed an orc knight
 13177 | D:10     | Noticed a +6 triple sword
 13177 | D:10     | Noticed Harold
 13180 | D:10     | Noticed a deep elf knight
 13184 | D:10     | Mangled by an orc knight

Levels and vault maps discovered:
D:1:      minmay_arrival_shoal_huts, layout_loops_ring,
          hangedman_abyss_or_decor_lesser_grid
D:2:      layout_basic, minivault_25
D:3:      layout_basic, kennysheep_nondescript, hangedman_decor_lopped,
          dk_noncrumbling_3, kennysheep_generic_room_10
D:4:      layout_rooms, chequers_temple_overflow_minitemple,
          roderic_nine_men_s_morris
D:5:      layout_rooms, serial_shops, shop, first_ration, serial_bayou_pond_a,
          uniq_edmund
D:6:      layout_loops_ring, temple_doors_cd
D:7:      layout_rooms, enter_ossuary_5, the_bakery, minmay_misc_feat_x
D:8:      lemuel_ice_statue, layout_basic
D:9:      layout_irregular_city
D:10:     layout_irregular_city, zombieorc2_lemuel, sword_in_stone, uniq_fannar
Temple:   regret_index_temple_mists

Skill      XL: |  1  2  3  4  5  6  7  8  9 10 |
---------------+-------------------------------+-----
Unarmed Combat | 4 5 6 8 9 10 11 | 11.9
Shields        | 3 6 7 |  7.4
Fighting       | 4 7 8 |  8.4
Dodging        | |  1.7
Spellcasting   | |  2.1
Transmutations | |  2.3

Action                   |  1- 3 |  4- 6 |  7- 9 | 10-12 || total
-------------------------+-------+-------+-------+-------++-------
Melee: Unarmed           |   167 |   217 |   480 |   204 ||  1068
       Tailslap          |    13 |    20 |    59 |    39 ||   131
       Punch             |     1 |       |       |       ||     1
Throw: Dart              |       |    22 |    20 |    11 ||    53
       Javelin           |       |     6 |       |       ||     6
 Cast: Sticks to Snakes  |     1 |       |       |     5 ||     6
 Abil: Breathe Lightning |       |       |    12 |     3 ||    15
Evoke: Wand              |       |     1 |       |     1 ||     2
  Use: Scroll            |     7 |     2 |     5 |       ||    14
       Potion            |       |     7 |     1 |     3 ||    11
 Stab: Sleeping          |     1 |     2 |     1 |     1 ||     5
       Invisible         |       |     2 |       |       ||     2
       Distracted        |       |       |     1 |     1 ||     2
  Eat: Chunk             |     4 |     5 |    13 |     3 ||    25
       Ration            |       |     1 |     3 |     2 ||     6
Armor: Skin              |    59 |    93 |   134 |    33 ||   319
Dodge: Dodged            |   130 |    97 |   177 |    56 ||   460
Block: Shield            |       |    53 |   162 |    74 ||   289

Table legend:
 A = Non-vault XP
 B = Vault XP
 C = Vault XP percentage of total XP
 D = Non-vault monster count
 E = Vault monster count
 F = Vault count percentage of total count
                 A         B        C        D         E       F
            +---------+---------+-------+---------+---------+-------
      Total |    6352 |    2199 |  25.7 |     168 |      54 |  24.3
            +---------+---------+-------+---------+---------+-------
        D:1 |      25 |       0 |   0.0 |      13 |       0 |   0.0
        D:2 |      31 |       0 |   0.0 |      17 |       0 |   0.0
        D:3 |     172 |       2 |   1.1 |      25 |       1 |   3.8
        D:4 |      96 |       0 |   0.0 |      10 |       0 |   0.0
        D:5 |    1022 |     157 |  13.3 |      18 |       1 |   5.3
        D:6 |     724 |       0 |   0.0 |      21 |       0 |   0.0
        D:7 |     488 |     220 |  31.1 |      10 |       1 |   9.1
        D:8 |    2038 |       0 |   0.0 |      25 |       0 |   0.0
        D:9 |    1073 |       0 |   0.0 |      19 |       0 |   0.0
       D:10 |     683 |    1632 |  70.5 |      10 |      33 |  76.7
    Ossuary |       0 |     188 | 100.0 |       0 |      18 | 100.0
            +---------+---------+-------+---------+---------+-------
